 Dungeon Crawl Stone Soup version 0.19.3-4-gbf9329e (webtiles) character file.

1570 TuxedoFelix the Chopper (level 9, -2/69 HPs)
             Began as a Human Berserker on Jan 30, 2017.
             Was a Believer of Trog.
             Slain by an orc warrior
             ... wielding a +0 trident
              (7 damage)
             ... on level 6 of the Dungeon.
             The game lasted 00:32:08 (6757 turns).

TuxedoFelix the Chopper (Human Berserker)           Turns: 6757, Time: 00:32:10

Health: -2/69      AC:  7    Str: 21    XL:     9   Next: 13%
Magic:  9/9        EV: 14    Int:  7    God:    Trog [**....]
Gold:   249        SH:  0    Dex: 13    Spells: 0 memorised, 8 levels left

rFire  . . .     SeeInvis .     a - +0 hand axe
rCold  . . .     Gourm    .     g - +0 ring mail
rNeg   . . .     Faith    .     (no shield)
rPois  .         Spirit   .     n - +0 helmet
rElec  .         Reflect  .     (no cloak)
rCorr  .         Harm     .     (no gloves)
MR     .....                    (no boots)
Stlth  +.........               (no amulet)
                                (no ring)
                                (no ring)

@: exhausted, slowed, very slow
A: no striking features
a: Berserk, Trog's Hand, Burn Spellbooks, Renounce Religion


You were on level 6 of the Dungeon.
You worshipped Trog.
Trog was pleased with you.
You were not hungry.

You visited 1 branch of the dungeon, and saw 6 of its levels.

You collected 249 gold pieces.

Inventory:

Hand Weapons
 a - a +0 hand axe (weapon)
Missiles
 l - 8 tomahawks
 q - a throwing net
 w - 4 tomahawks of dispersal (quivered)
Armour
 g - a +0 ring mail (worn)
 n - a +0 helmet (worn)
Jewellery
 e - an uncursed amulet of rage {unknown}
Wands
 o - a wand of enslavement (6/24)
Scrolls
 f - 2 scrolls of random uselessness {unknown}
 h - 2 scrolls of enchant armour
 j - 2 scrolls of fog
 r - a scroll of remove curse {unknown}
 s - 2 scrolls of teleportation {unknown}
 v - a scroll of recharging {unknown}
Potions
 b - a potion of resistance {unknown}
 k - 2 potions of heal wounds {unknown}
 m - a potion of lignification {unknown}
 t - a potion of magic {unknown}
 u - a potion of flight {unknown}
Comestibles
 c - 3 bread rations
 d - 2 slices of pizza
 i - 2 fruits
 p - a chunk of flesh


   Skills:
 + Level 6.2 Fighting
 + Level 6.3 Axes
 + Level 5.6 Armour
 + Level 5.5 Dodging


You had 8 spell levels left.
You didn't know any spells.

Dungeon Overview and Level Annotations

Branches:
Dungeon (6/15)             Temple (0/1) D:5

Altars:
Ashenzari
Dithmenos
Fedhas
Gozag
Hepliaklqana
Kikubaaqudgha
Vehumet
Xom
Yredelemnul
The Shining One

Annotations:
D:5 Menkaure


Message History

The orc warrior is moderately wounded.
You slash the orc warrior!
The orc warrior is severely wounded.
The orc warrior hits you with a trident.
* * * LOW HITPOINT WARNING * * *
You completely miss the orc warrior.
The orc warrior is severely wounded.
You closely miss the orc warrior.
The orc warrior is severely wounded.
The orc warrior barely misses you.
You barely miss the orc warrior.
The orc warrior is severely wounded.
The orc warrior hits you with a trident!
* * * LOW HITPOINT WARNING * * *
You feel a strong urge to attack something.
You are no longer berserk.
You are exhausted.
You feel yourself slow down.
The orc warrior hits you from afar with a trident!
You die...

############
#..........#
#.########.###########
#..#.......oo.@.......
##.#######.###########
#...# #.# #รท#.# #.#
#(..# #o# #.#[#


ooo #)).# ... #.#.# ##..# #...# #..# You could see an orc warrior and an orc.

Vanquished Creatures
  Pikel (D:4)
  Grinder (D:4)
  A hippogriff (D:4)
  The ghost of Megalobster the Conjurer, an amateur DECj (D:3)
  An ice beast (D:6)
  A centaur (D:6)
  Blork the orc (D:4)
  2 howler monkeys
  A jelly (D:5)
  A hound (D:6)
  Jessica (D:3)
  2 orc wizards
  A worker ant (D:6)
  4 gnolls (D:4)
  5 adders
  A worm (D:6)
  3 dart slugs
  3 leopard geckos
  10 orcs
  3 ball pythons
  9 bats
  4 giant cockroaches
  11 hobgoblins
  2 jackals (D:2)
  7 kobolds
  3 quokkas
  2 frilled lizards (D:1)
  11 goblins
  12 rats
105 creatures vanquished.

Vanquished Creatures (others)
  A slave (D:4)
  A hound (D:4)
  2 orc wizards (D:4)
  An adder (D:4)
  An orc (D:4)
6 creatures vanquished.

Grand Total: 111 creatures vanquished

Notes
Turn   | Place    | Note
-------+----------+-------------------------------------------
     0 | D:1      | TuxedoFelix the Human Berserker began the quest for the Orb.
     0 | D:1      | Reached XP level 1. HP: 18/18 MP: 1/1
    84 | D:1      | Reached XP level 2. HP: 24/24 MP: 2/2
   566 | D:1      | Reached XP level 3. HP: 29/29 MP: 3/3
  1263 | D:2      | Reached ** piety under Trog
  1388 | D:2      | Reached XP level 4. HP: 35/35 MP: 4/4
  1656 | D:2      | Found a radiant altar of Vehumet.
  1751 | D:2      | Found a shimmering altar of Xom.
  1753 | D:2      | Found a blossoming altar of Fedhas.
  1753 | D:2      | Found a blossoming altar of Fedhas.
  1755 | D:2      | Found a glowing golden altar of the Shining One.
  1755 | D:2      | Found a basalt altar of Yredelemnul.
  1755 | D:2      | Found an ancient bone altar of Kikubaaqudgha.
  2005 | D:3      | Noticed Megalobster's ghost (amateur DECj)
  2015 | D:3      | Killed Megalobster's ghost
  2015 | D:3      | Reached XP level 5. HP: 17/42 MP: 5/5
  2328 | D:3      | Found a faded altar of an unknown god.
  2328 | D:3      | Found a faded altar of an unknown god.
  2378 | D:3      | Found a shattered altar of Ashenzari.
  2467 | D:3      | Reached XP level 6. HP: 42/48 MP: 6/6
  2647 | D:3      | Noticed Jessica
  2657 | D:3      | Killed Jessica
  3216 | D:3      | Found a faded altar of an unknown god.
  3218 | D:3      | Found a basalt altar of Yredelemnul.
  3219 | D:3      | Found a faded altar of an unknown god.
  3301 | D:4      | Noticed Grinder
  3315 | D:4      | Paralysed by Grinder for 2 turns
  3362 | D:4      | Killed Grinder
  3362 | D:4      | Reached XP level 7. HP: 20/55 MP: 7/7
  3586 | D:4      | Found a shadowy altar of Dithmenos.
  3608 | D:4      | Found a hazy altar of Hepliaklqana.
  3637 | D:4      | Noticed Pikel
  3660 | D:4      | Killed Pikel
  3660 | D:4      | Reached skill level 5 in Fighting
  3660 | D:4      | Reached skill level 5 in Axes
  3660 | D:4      | Reached XP level 8. HP: 56/63 MP: 8/8
  4066 | D:4      | Noticed Blork the orc
  4084 | D:4      | Killed Blork the orc
  4378 | D:4      | Found an opulent altar of Gozag.
  4779 | D:4      | Noticed a hippogriff
  4819 | D:4      | Killed a hippogriff
  4819 | D:4      | Reached skill level 5 in Armour
  4819 | D:4      | Reached skill level 5 in Dodging
  5474 | D:5      | Entered Level 5 of the Dungeon
  5886 | D:5      | Found a staircase to the Ecumenical Temple.
  5888 | D:5      | Noticed Menkaure
  5899 | D:5      | HP: 2/64 [Menkaure (16)]
  5906 | D:6      | Found a blossoming altar of Fedhas.
  6342 | D:6      | Reached XP level 9. HP: 54/69 MP: 9/9
  6444 | D:6      | Reached *** piety under Trog
  6752 | D:6      | HP: 5/103 [orc warrior/trident (11)]
  6757 | D:6      | Slain by an orc warrior

Skill      XL: |  1  2  3  4  5  6  7  8 |
---------------+-------------------------+-----
Fighting       | 4 5 6 |  6.2
Axes           | 4 5 6 |  6.3
Armour         | 3 4 5 |  5.6
Dodging        | 3 4 5 |  5.5

Action                   |  1- 3 |  4- 6 |  7- 9 || total
-------------------------+-------+-------+-------++-------
Melee: Hand axe          |   104 |   156 |   234 ||   494
Throw: Throwing net      |       |     1 |       ||     1
Invok: Berserk           |       |     4 |     5 ||     9
       Trog's Hand       |       |     3 |     3 ||     6
  Use: Potion            |       |     2 |       ||     2
       Scroll            |       |       |     2 ||     2
  Eat: Chunk             |     2 |     4 |     4 ||    10
       Bread ration      |       |     1 |     2 ||     3
       Beef jerky        |       |     1 |       ||     1
       Fruit             |       |       |     2 ||     2
       Meat ration       |       |       |     1 ||     1
Armor: Animal skin       |     7 |       |       ||     7
       Ring mail         |    36 |    58 |    60 ||   154
Dodge: Dodged            |    56 |   109 |   130 ||   295
